 Dungeon Crawl Stone Soup version 0.25.1-2-g60ff931df9 (webtiles) character file.

Game seed: 12473493355420579338

11414 gruber the Frost Mage (level 11, -5/61 HPs)
             Began as an Octopode Ice Elementalist on Nov 7, 2020.
             Was a Priest of Vehumet.
             Slain by a swamp worm (17 damage)
             ... on level 2 of the Lair of Beasts.
             The game lasted 00:25:52 (17253 turns).

gruber the Frost Mage (Octopode Ice Elementalist)  Turns: 17253, Time: 00:25:53

Health: -5/61      AC:  1    Str: 13    XL:     11   Next: 77%
Magic:  14/32      EV: 13    Int: 21    God:    Vehumet [***...]
Gold:   1365       SH:  5    Dex: 13    Spells: 2/26 levels left

rFire    . . .     SeeInvis +   I - +4 hand axe (vorpal)
rCold    . . .     Gourm    .   J - +0 buckler (curse)
rNeg     . . .     Faith    .   (helmet restricted)
rPois    .         Spirit   .   (no amulet)
rElec    .         Reflect  .   d - ring of magical power
rCorr    .         Harm     .   A - ring of flight
MR       .....                  H - +6 ring of strength
Stlth    +++.......             y - ring of see invisible
HPRegen  0.20/turn              (no ring)
MPRegen  0.23/turn              (no ring)
                                (no ring)
                                (no ring)

@: no status effects
A: almost no armour, stealthy swim, amphibious, 8 rings, constrict 8, camouflage
1, gelatinous body 1
a: Renounce Religion, Evoke Flight


You were on level 2 of the Lair of Beasts.
You worshipped Vehumet.
Vehumet was most pleased with you.
You were hungry.

You visited 3 branches of the dungeon, and saw 13 of its levels.
You also visited: Bailey.

You collected 1365 gold pieces.

Inventory:

Hand Weapons
 E - a +2 whip of freezing
 I - a +4 vorpal hand axe (weapon)
Missiles
 G - 5 curare-tipped darts (quivered)
Armour
 J - a cursed +0 buckler (worn)
Magical Staves
 o - an uncursed staff of wizardry
Jewellery
 d - a ring of magical power (left tentacle)
 y - a ring of see invisible (on tentacle)
 A - a ring of flight (right tentacle)
 H - a +6 ring of strength (on tentacle)
 L - an uncursed amulet of reflection {unknown}
Wands
 p - a wand of flame (39)
 q - a wand of acid (10)
 D - a wand of paralysis (2)
 K - a wand of disintegration (10)
Scrolls
 a - 6 scrolls of enchant armour
 c - 4 scrolls of teleportation
 i - 2 scrolls of identify
 m - a scroll of fog
 n - 2 scrolls of magic mapping
 s - 3 scrolls of noise
 u - 3 scrolls of enchant weapon
 z - a scroll of amnesia
 B - 2 scrolls of remove curse
 M - a scroll of fear {unknown}
 O - a scroll of summoning {unknown}
Potions
 e - 6 potions of curing
 f - a potion of experience {unknown}
 g - 6 potions of stabbing {unknown}
 h - 5 potions of lignification
 j - 3 potions of brilliance {unknown}
 l - 2 potions of heal wounds {unknown}
 r - a potion of flight
 t - 3 potions of cancellation
 v - 2 potions of magic
 w - a potion of resistance
 x - a potion of mutation
 C - a potion of might
 F - 2 potions of haste
Miscellaneous
 k - a lightning rod (4/4)
Comestibles
 b - 19 rations
 N - 3 chunks of flesh


   Skills:
 - Level 0.6 Maces & Flails
 - Level 2.0 Dodging
 - Level 2.6 Stealth
 * Level 5.1 Shields
 - Level 8.0 Spellcasting
 - Level 8.1 Conjurations
 - Level 6.0 Summonings
 - Level 11.6 Ice Magic
 - Level 4.1 Poison Magic


You had 2 spell levels left.
You knew the following spells:

 Your Spells              Type           Power        Failure   Level  Hunger
a - Freeze                Ice            ####         1%          1    None
b - Frozen Ramparts       Ice            ######       1%          3    None
c - Hailstorm             Conj/Ice       #####...     1%          4    ###....
d - Summon Ice Beast      Ice/Summ       #####...     2%          4    ###....
e - Ozocubu's Armour      Chrm/Ice       ####....     2%          3    None
f - Stone Arrow           Conj/Erth      ####..       1%          3    None
g - Searing Ray           Conj           #####.       1%          2    None
h - Olgreb's Toxic Radia  Pois           ####....     4%          4    ###....

Your spell library contained the following spells:

 Spells                   Type           Power        Failure   Level  Hunger
 Sandblast                Erth           #.....       2%          1    None
 Passwall                 Tmut/Erth      #.......     12%         2    None
 Lee's Rapid Deconstruct  Erth           #.........   45%         5    #####..
 Petrify                  Tmut/Erth      #.......     61%         4    ###....


Dungeon Overview and Level Annotations

Branches:
Dungeon (10/15)            Temple (1/1) D:7            Lair (2/6) D:10
    Orc (0/2) D:10         Bailey (visited)
  Swamp: Lair:2-4    Shoals: Lair:2-4     Snake: Lair:2-4    Spider: Lair:2-4

Altars:
Ashenzari
Cheibriados
Dithmenos
Elyvilon
Fedhas
Gozag
Hepliaklqana
Kikubaaqudgha
Makhleb
Nemelex Xobeh
Okawaru
Ru
Sif Muna
Trog
Uskayaw
Vehumet
Wu Jian
Xom
Yredelemnul
Zin
The Shining One

Shops:
D:8 (


Innate Abilities, Weirdness & Mutations

You cannot wear most types of armour.
You are very stealthy in the water. (Stealth+)
You are amphibious.
You can wear up to eight rings at the same time.
You can use your tentacles to constrict eight enemies at once.
Your skin changes colour to match your surroundings (Stealth+).
Your rubbery body absorbs attacks. (AC +1, EV +1)


Message History

Unknown command.
Unknown command.
Casting: Freeze (safe; 1% risk of failure)
Confirm with . or Enter, or press ? or * to list all spells.
Aiming: Freeze (safe; 1% risk of failure)
Press: ? - help, Shift-Dir - straight line, f/p - swamp worm
Aim: a swamp worm (severely wounded, poisoned)
You freeze the swamp worm.
The swamp worm is severely wounded.
The swamp worm bites you!!
* * * LOW HITPOINT WARNING * * *
Your ice beast barely misses the swamp worm.
Your ice beast closely misses the swamp worm.
Unknown command.
Unknown command.
Unknown command.
You feel better. The swamp worm misses you.
Your ice beast barely misses the swamp worm.
The swamp worm bites you!
You die...

#.... #....
###.... #......
#.....##
##..P#.♣♣♣♣
#P......♣.♣♣
#.....@wY.≈♣.
#....#..Y.≈≈..♣
##....#.♣≈≈≈...♣
###....#♣♣≈≈≈≈§.♣
.#.......#♣≈≈≈≈♣.♣
#........#♣≈≈≈≈♣
§§
........P#♣≈≈≈≈♣ §
........P#♣≈≈≈♣♣♣
..##....#♣♣♣♣♣♣.♣♣
♣♣


You could see a swamp worm (poisoned) and 2 friendly ice beasts.

Vanquished Creatures
  Pikel (D:6)
  Joseph (D:8)
  2 spiny frogs (Lair:2)
  A komodo dragon (Lair:1)
  A troll (D:9)
  A hornet (D:9)
  A tyrant leech (Lair:2)
  8 yaks
  A wyvern (D:10)
  Grum (D:8)
  Menkaure (D:4)
  A hungry ghost (D:10)
  A basilisk (shapeshifter) (D:10)
  3 water moccasins
  A porcupine (Lair:2)
  4 ice beasts (D:9)
  A sky beast (D:9)
  5 orc warriors
  2 phantoms
  2 slaves (D:6)
  6 ogres
  6 wolves
  3 centaurs
  2 big kobolds
  Blork the orc (D:6)
  5 bullfrogs
  A water moccasin skeleton (D:9)
  A scorpion (D:7)
  34 killer bees (D:8)
  2 howler monkeys
  3 electric eels (D:9)
  A jelly (D:7)
  3 quasits
  A bullfrog zombie (D:9)
  A centaur skeleton (D:9)
  3 hounds
  An orc priest (D:7)
  19 orc wizards
  7 worker ants
  2 bullfrog simulacra (D:9)
  A centaur simulacrum (D:9)
  3 hound skeletons
  6 adders
  A gnoll (Bailey)
  A howler monkey skeleton (D:5)
  2 shadow imps
  3 white imps (D:9)
  An adder zombie (D:9)
  3 worms
  An adder simulacrum (D:9)
  4 leopard geckos
  13 orcs
  2 giant cockroaches
  10 goblins
  9 hobgoblins
  16 jackals
  4 quokkas
  5 bats
  7 frilled lizards
  A jackal zombie (D:6)
  18 kobolds
  A leopard gecko skeleton (D:7)
  A quokka zombie (D:6)
  6 rats
260 creatures vanquished.

Vanquished Creatures (collateral kills)
  A two-headed ogre (D:8)
  Maggie (D:7)
  A hungry ghost (D:8)
  A necrophage (D:8)
  4 ice beasts
  An ogre (D:9)
  A phantom (D:8)
  A wolf (D:8)
  2 scorpions
  12 killer bees (D:8)
  A hound (D:8)
  An adder skeleton (D:9)
  A goblin (D:10)
28 creatures vanquished.

Grand Total: 288 creatures vanquished

Notes
Turn   | Place    | Note
-------+----------+-------------------------------------------
     0 | D:1      | gruber the Octopode Ice Elementalist began the quest for
                  | the Orb.
     0 | D:1      | Reached XP level 1. HP: 11/11 MP: 3/3
     6 | D:1      | Noticed a hog
     7 | D:1      | Noticed a black bear
     7 | D:1      | Noticed a salamander
   583 | D:1      | You fall into a shaft and drop 1 floor!
   591 | D:2      | Reached XP level 2. HP: 17/17 MP: 5/5
  1995 | D:3      | Reached XP level 3. HP: 7/21 MP: 6/6
  1996 | D:3      | Reached skill level 5 in Ice Magic
  2093 | D:3      | Learned a level 3 spell: Frozen Ramparts
  2627 | D:3      | Noticed an ogre
  2642 | D:3      | Killed an ogre
  2642 | D:3      | Reached skill level 6 in Ice Magic
  2642 | D:3      | Reached XP level 4. HP: 4/27 MP: 7/7
  2642 | D:3      | Reached XP level 5. HP: 5/31 MP: 8/8
  2928 | D:3      | Found a glowing golden altar of the Shining One.
  3037 | D:3      | You fall into a shaft and drop 1 floor!
  3283 | D:4      | Found a hide-covered altar of Uskayaw.
  3908 | D:4      | Noticed an ogre
  3922 | D:4      | Killed an ogre
  3922 | D:4      | Reached skill level 7 in Ice Magic
  3922 | D:4      | Reached XP level 6. HP: 36/36 MP: 9/9
  4110 | D:4      | Noticed Menkaure
  4462 | D:4      | Learned a level 4 spell: Hailstorm
  4583 | D:4      | Killed Menkaure
  4583 | D:4      | Reached skill level 8 in Ice Magic
  4583 | D:4      | Reached XP level 7. HP: 31/41 MP: 10/10
  4912 | D:5      | Entered Level 5 of the Dungeon
  5723 | D:5      | Learned a level 4 spell: Summon Ice Beast
  6028 | D:5      | Reached skill level 1 in Summonings
  6295 | D:6      | Noticed Pikel
  6453 | D:6      | Killed Pikel
  6453 | D:6      | Reached skill level 5 in Summonings
  6453 | D:6      | Reached XP level 8. HP: 46/46 MP: 12/12
  6801 | D:6      | Found a shattered altar of Ashenzari.
  6940 | D:6      | Reached skill level 9 in Ice Magic
  7188 | D:6      | Found a glowing silver altar of Zin.
  7458 | D:6      | Noticed Blork the orc
  7461 | D:6      | Killed Blork the orc
  7461 | D:6      | Reached XP level 9. HP: 51/51 MP: 13/13
  7800 | D:7      | Reached skill level 10 in Ice Magic
  7861 | D:7      | Found a staircase to the Ecumenical Temple.
  8360 | D:7      | Noticed Maggie
  8379 | D:7      | Killed Maggie
  8379 | D:7      | Reached skill level 11 in Ice Magic
  8581 | Temple   | Entered the Ecumenical Temple
  8630 | Temple   | Became a worshipper of Vehumet
  8835 | D:8      | Noticed Joseph
  8835 | D:8      | Noticed Grum
  9334 | D:8      | Reached skill level 5 in Spellcasting
  9334 | D:8      | Reached XP level 10. HP: 44/56 MP: 10/17
  9339 | D:8      | Learned a level 3 spell: Ozocubu's Armour
  9343 | D:8      | Learned a level 3 spell: Stone Arrow
  9355 | D:8      | Reached * piety under Vehumet
  9355 | D:8      | Offered knowledge of Shock by Vehumet.
 10460 | D:8      | Noticed a two-headed ogre
 10470 | D:8      | Killed a two-headed ogre
 10552 | D:8      | Found Ivuut's Antique Weapon Shoppe.
 10604 | D:8      | Killed Joseph
 10604 | D:8      | Offered knowledge of Searing Ray by Vehumet.
 10608 | D:8      | Learned a level 2 spell: Searing Ray
 10722 | D:8      | Reached skill level 1 in Conjurations
 10724 | D:8      | Reached ** piety under Vehumet
 10726 | D:8      | Killed Grum
 10902 | D:8      | Found a basalt altar of Yredelemnul.
 11187 | D:8      | Found a sparkling altar of Nemelex Xobeh.
 11319 | D:8      | Found a white marble altar of Elyvilon.
 11976 | D:9      | Noticed a skeletal warrior
 12033 | D:9      | Reached skill level 5 in Conjurations
 12469 | D:9      | Reached XP level 11. HP: 61/61 MP: 23/23
 12629 | D:9      | Offered knowledge of Inner Flame by Vehumet.
 13314 | D:9      | Reached *** piety under Vehumet
 14069 | D:9      | Noticed a skeletal warrior
 14069 | D:9      | Noticed a skeletal warrior
 14153 | D:10     | Entered Level 10 of the Dungeon
 14189 | D:10     | Offered knowledge of Olgreb's Toxic Radiance by Vehumet.
 14195 | D:10     | Learned a level 4 spell: Olgreb's Toxic Radiance
 14229 | D:10     | Found a flagged portal.
 14302 | Bailey   | Entered a bailey
 14584 | Bailey   | Reached skill level 1 in Shields
 14649 | Bailey   | Reached skill level 1 in Poison Magic
 14669 | Bailey   | Found a bloodstained altar of Trog.
 14812 | D:10     | Found a staircase to the Orcish Mines.
 14856 | D:10     | Found a staircase to the Lair.
 15030 | D:10     | Found a shadowy altar of Dithmenos.
 15339 | D:10     | Reached **** piety under Vehumet
 15346 | D:10     | Noticed a harpy
 15349 | D:10     | a harpy changed into a basilisk
 16006 | Lair:1   | Entered Level 1 of the Lair of Beasts
 17250 | Lair:2   | Reached skill level 5 in Shields
 17252 | Lair:2   | HP: 1/61 [swamp worm (21)]
 17253 | Lair:2   | Slain by a swamp worm

Illustrated notes

Levels and vault maps discovered:
D:1:      onia_arrival_zoo_common, layout_loops_corners, hangedman_decor_push
D:2:      layout_loops_ring, chequers_mini_garden, minmay_tromino_v7
D:3:      layout_loops_ring, nicolae_tso_carved_into_rock,
          minmay_fractal_squares_diagonal_5
D:4:      layout_loops_corners, old_standard_altar, first_ration,
          chequers_big_river, uniq_menkaure
D:5:      layout_layer_cave
D:6:      minmay_flawed_box, layout_basic, ashenzari_conservatory_becter,
          basic_altar, uniq_pikel, uniq_blork_the_orc
D:7:      layout_rooms, temple_green, supply_closet_lemuel, grunt_ogre_cave,
          uniq_maggie
D:8:      wad_woods_minihive, layout_basic, kennysheep_ying_yang, serial_shops,
          nicolae_shop_behind_doors, nemelex_spade_bored_becter, uniq_joseph,
          uniq_grum
D:9:      cheibrodos_ideogram_h, layout_loops_corners,
          nicolae_qazlal_general_emergency, serial_ice, serial_ice_j,
          serial_ice_o, serial_ice_a, serial_ice_g, serial_ice_c, serial_ice_e,
          serial_ice_f, serial_ice_n, kennysheep_generic_room_13
D:10:     layout_basic, lair_entry_dummy, orc_0_dummy, enter_bailey_3,
          basic_altar
Temple:   compressed_dpeg_circular_temple
Lair:1:   layout_cave_pods, st_stairs_3, minmay_holes
Lair:2:   layout_gridlike, palyth_hydra_swamp_entry, serial_bayou_shore_b

Skill      XL: |  1  2  3  4  5  6  7  8  9 10 11 |
---------------+----------------------------------+-----
Ice Magic      | 6 7 8 9 11 | 11.6
Spellcasting   | 3 5 8 |  8.0
Summonings     | 5 6 |  6.0
Conjurations   | 5 8 |  8.1
Shields        | 5 |  5.1
Poison Magic   | 4 |  4.1
Maces & Flails | |  0.6
Dodging        | |  2.0
Stealth        | |  2.6

Action                   |  1- 3 |  4- 6 |  7- 9 | 10-12 || total
-------------------------+-------+-------+-------+-------++-------
Melee: Unarmed           |    38 |       |       |       ||    38
       Constrict         |    13 |    14 |    25 |    23 ||    75
       Tentacles         |     9 |    12 |    19 |    17 ||    57
       Long sword        |    10 |    16 |       |       ||    26
       Short sword       |       |    21 |   100 |       ||   121
       Dagger            |       |     3 |       |       ||     3
       Staff             |       |       |     1 |     4 ||     5
       Hand axe          |       |       |       |    99 ||    99
Throw: Dart              |       |       |       |     1 ||     1
 Cast: Freeze            |    16 |       |     5 |    35 ||    56
       Frozen Ramparts   |     4 |     9 |    39 |    50 ||   102
       Hailstorm         |       |     1 |     7 |     3 ||    11
       Summon Ice Beast  |       |       |     9 |    57 ||    66
       Searing Ray       |       |       |       |    19 ||    19
       Olgreb's Toxic Ra |       |       |       |    16 ||    16
Evoke: Wand              |       |       |    10 |       ||    10
  Use: Scroll            |       |       |    10 |    10 ||    20
       Potion            |       |       |       |     1 ||     1
 Stab: Sleeping          |     8 |     4 |     2 |     2 ||    16
       Distracted        |       |       |       |     1 ||     1
  Eat: Chunk             |     2 |     7 |    16 |    17 ||    42
       Ration            |     1 |       |     2 |     5 ||     8
Armor: Skin              |     6 |     5 |    14 |    11 ||    36
Dodge: Dodged            |    31 |    23 |    79 |   156 ||   289
Block: Buckler           |       |       |       |    11 ||    11
       Rpst.: Long sword |     2 |     5 |       |       ||     7
